| TOP OF THE 1ST |
|
Atlanta (MID) Braves batting - Pitching for Augusta GreenJackets : RHP Bill Tindall
|
|
Pitching: RHP Bill Tindall
|
|
|
Batting: LHB Eric Jackson
|
0-0: Called Strike 0-1: Foul Ball, location: 2F 0-2: Ball 1-2: Ball 2-2: Strikes out swinging
|
|
Batting: RHB Chris Trites
|
0-0: Ball 1-0: Called Strike 1-1: Swinging Strike 1-2: Strikes out swinging
|
|
Batting: SHB Brett McEwen
|
0-0: Ball 1-0: Foul Ball, location: 2F 1-1: Hit by Pitch
|
|
Batting: LHB Tamaichi Sasada
|
0-0: Called Strike 0-1: Swinging Strike 0-2: Ball 1-2: Foul Ball, location: 2F 1-2: Ball 2-2: Strikes out swinging
|
| Top of the 1st over - 0 runs, 0 hits, 0 errors, 1 left on base; Atlanta (MID) 0 - Augusta 0 |
| BOTTOM OF THE 1ST |
|
Augusta GreenJackets batting - Pitching for Atlanta (MID) Braves : LHP Jordan Ruiz
|
|
Pitching: LHP Jordan Ruiz
|
|
|
Batting: SHB Zack Barton
|
0-0: Called Strike 0-1: Ball 1-1: Foul Ball, location: 2F 1-2: Strikes out looking
|
|
Batting: RHB Armando Ramirez
|
0-0: Ball 1-0: Ball 2-0: Foul Ball, location: 2F 2-1: Called Strike 2-2: Reached on error, E6 (Groundball, 6, EV 108.8 MPH)
|
|
Batting: RHB Aaron Burress
|
0-0: Ground out 6-3 (Groundball, 6, EV 99.4 MPH)
|
|
Batting: LHB Sam Ogg
|
0-0: Called Strike 0-1: Called Strike 0-2: Foul Ball, location: 2F 0-2: Ball 1-2: Strikes out swinging
|
| Bottom of the 1st over - 0 runs, 0 hits, 1 error, 1 left on base; Atlanta (MID) 0 - Augusta 0 |
| TOP OF THE 2ND |
|
Atlanta (MID) Braves batting - Pitching for Augusta GreenJackets : RHP Bill Tindall
|
|
Batting: LHB Ricardo Sandoval
|
0-0: Ball 1-0: Called Strike 1-1: Ball 2-1: Called Strike 2-2: Strikes out swinging
|
|
Batting: RHB Nick Holsinger
|
0-0: Ball 1-0: Called Strike 1-1: Ball 2-1: SINGLE (Line Drive, 4MD, EV 96.9 MPH)
|
|
Batting: LHB Andres Aldape
|
0-0: Ball 1-0: Fly out, F9 (Flyball, 89M, EV 75.6 MPH)
|
|
Batting: RHB Adonis Jenifer
|
0-0: Ball 1-0: Ball 2-0: Ball 3-0: Base on Balls Nick Holsinger to second
|
|
Batting: RHB Gabe Allen
|
0-0: Fielders Choice at 2nd, 6-4 (Groundball, 6, EV 83.1 MPH)
|
| Top of the 2nd over - 0 runs, 1 hit, 0 errors, 2 left on base; Atlanta (MID) 0 - Augusta 0 |
| BOTTOM OF THE 2ND |
|
Augusta GreenJackets batting - Pitching for Atlanta (MID) Braves : LHP Jordan Ruiz
|
|
Batting: LHB Bruce Arvizu
|
0-0: Called Strike 0-1: Ball 1-1: Ball 2-1: Ball 3-1: Base on Balls
|
|
Batting: LHB Oscar Tamayo
|
0-0: Called Strike 0-1: Ball 1-1: Swinging Strike 1-2: Ball 2-2: Strikes out swinging
|
|
Batting: SHB Louie Horne
|
0-0: Ball Bruce Arvizu is caught stealing 2nd base 2-4 1-0: Ball 2-0: Called Strike 2-1: Ball 3-1: SINGLE (Groundball, 34D, EV 98.8 MPH)
|
|
Batting: RHB Allen Gravel
|
0-0: SINGLE (Line Drive, 89S, EV 101.2 MPH) Louie Horne to second
|
|
Batting: LHB Gil Caraveo
|
0-0: Ball 1-0: SINGLE (Groundball, 34D, EV 97.5 MPH) Louie Horne to third Allen Gravel to second
|
|
Batting: SHB Zack Barton
|
0-0: Ball 1-0: Swinging Strike 1-1: Foul Ball, location: 2F 1-2: Strikes out swinging
|
| Bottom of the 2nd over - 0 runs, 3 hits, 0 errors, 3 left on base; Atlanta (MID) 0 - Augusta 0 |
| TOP OF THE 3RD |
|
Atlanta (MID) Braves batting - Pitching for Augusta GreenJackets : RHP Bill Tindall
|
|
Batting: LHB Eric Jackson
|
0-0: Fly out, F7 (Flyball, 7, EV 87.5 MPH)
|
|
Batting: RHB Chris Trites
|
0-0: Ball 1-0: Swinging Strike 1-1: Foul Ball, location: 2F 1-2: Ball 2-2: Foul Ball, location: 2F 2-2: Foul Ball, location: 2F 2-2: Fly out, F8 (Flyball, 8LD, EV 101.2 MPH)
|
|
Batting: SHB Brett McEwen
|
0-0: Foul Ball, location: 2F 0-1: Ground out 5-3 (Groundball, 56, EV 101.2 MPH)
|
| Top of the 3rd over - 0 runs, 0 hits, 0 errors, 0 left on base; Atlanta (MID) 0 - Augusta 0 |
| BOTTOM OF THE 3RD |
|
Augusta GreenJackets batting - Pitching for Atlanta (MID) Braves : LHP Jordan Ruiz
|
|
Batting: RHB Armando Ramirez
|
0-0: TRIPLE (Flyball, 78XD, EV 98.8 MPH)
|
|
Batting: RHB Aaron Burress
|
0-0: Swinging Strike 0-1: Swinging Strike 0-2: Strikes out looking
|
|
Batting: LHB Sam Ogg
|
0-0: Swinging Strike 0-1: Ball 1-1: Ball 2-1: Ground out 3-1 (Groundball, 34, EV 86.2 MPH) Armando Ramirez scores
|
|
Batting: LHB Bruce Arvizu
|
0-0: Ball 1-0: Ball 2-0: Ball 3-0: Base on Balls
|
|
Batting: LHB Oscar Tamayo
|
0-0: Ball 1-0: Called Strike 1-1: Ball 2-1: Swinging Strike 2-2: Foul Ball, location: 2F 2-2: Ball 3-2: Foul Ball, location: 2F 3-2: Strikes out looking
|
| Bottom of the 3rd over - 1 run, 1 hit, 0 errors, 1 left on base; Atlanta (MID) 0 - Augusta 1 |
| TOP OF THE 4TH |
|
Atlanta (MID) Braves batting - Pitching for Augusta GreenJackets : RHP Bill Tindall
|
|
Batting: LHB Tamaichi Sasada
|
0-0: Ball 1-0: Ball 2-0: Called Strike 2-1: Called Strike 2-2: Ball 3-2: Foul Ball, location: 2F 3-2: Foul Ball, location: 2F 3-2: Fly out, F8 (Flyball, 8LM, EV 90.0 MPH)
|
|
Batting: LHB Ricardo Sandoval
|
0-0: Ball 1-0: Called Strike 1-1: Called Strike 1-2: Strikes out swinging
|
|
Batting: RHB Nick Holsinger
|
0-0: Called Strike 0-1: Ball 1-1: SINGLE (Groundball, 56S, EV 64.4 MPH) (infield hit)
|
|
Batting: LHB Andres Aldape
|
0-0: TRIPLE (Flyball, 9LD, EV 95.6 MPH) Nick Holsinger scores
|
|
Batting: RHB Adonis Jenifer
|
0-0: Ground out 4-3 (Groundball, 4, EV 84.4 MPH)
|
| Top of the 4th over - 1 run, 2 hits, 0 errors, 1 left on base; Atlanta (MID) 1 - Augusta 1 |
| BOTTOM OF THE 4TH |
|
Augusta GreenJackets batting - Pitching for Atlanta (MID) Braves : LHP Jordan Ruiz
|
|
Batting: SHB Louie Horne
|
0-0: Swinging Strike 0-1: Ball 1-1: Ground out 6-3 (Groundball, 6, EV 101.9 MPH)
|
|
Batting: RHB Allen Gravel
|
0-0: Swinging Strike 0-1: Swinging Strike 0-2: Strikes out swinging, 2-3 out at first.
|
|
Batting: LHB Gil Caraveo
|
0-0: Called Strike 0-1: Ground out 5-3 (Groundball, 15, EV 83.8 MPH)
|
| Bottom of the 4th over - 0 runs, 0 hits, 0 errors, 0 left on base; Atlanta (MID) 1 - Augusta 1 |
| TOP OF THE 5TH |
|
Atlanta (MID) Braves batting - Pitching for Augusta GreenJackets : RHP Bill Tindall
|
|
Batting: RHB Gabe Allen
|
0-0: Ball 1-0: Ground out 4-3 (Groundball, 4M, EV 105.6 MPH)
|
|
Batting: LHB Eric Jackson
|
0-0: Swinging Strike 0-1: Ball 1-1: Swinging Strike 1-2: Strikes out swinging
|
|
Batting: RHB Chris Trites
|
0-0: Called Strike 0-1: Foul Ball, location: 2F 0-2: Ball 1-2: Foul Ball, location: 2F 1-2: Foul Ball, location: 2F 1-2: SINGLE (Groundball, 5D, EV 98.8 MPH)
|
|
Batting: SHB Brett McEwen
|
0-0: Foul Ball, location: 2F 0-1: Called Strike 0-2: Strikes out swinging
|
| Top of the 5th over - 0 runs, 1 hit, 0 errors, 1 left on base; Atlanta (MID) 1 - Augusta 1 |
| BOTTOM OF THE 5TH |
|
Augusta GreenJackets batting - Pitching for Atlanta (MID) Braves : LHP Jordan Ruiz
|
|
Batting: SHB Zack Barton
|
0-0: Swinging Strike 0-1: Ball 1-1: Fly out, F9 (Flyball, 9, EV 91.2 MPH)
|
|
Batting: RHB Armando Ramirez
|
0-0: Called Strike 0-1: Ball 1-1: Ball 2-1: Foul Ball, location: 2F 2-2: Ball 3-2: DOUBLE (Line Drive, 9LM, EV 100.0 MPH)
|
|
Batting: RHB Aaron Burress
|
0-0: Called Strike Armando Ramirez steals 3rd base 0-1: Foul Ball, location: 2F 0-2: Foul Ball, location: 2F 0-2: Ball 1-2: Ball 2-2: Ground out 4-3 (Groundball, 34, EV 88.8 MPH) Armando Ramirez scores
|
|
Batting: LHB Sam Ogg
|
0-0: Ball 1-0: Called Strike 1-1: Ball 2-1: Ball 3-1: Called Strike 3-2: Foul Ball, location: 2F 3-2: Foul Ball, location: 2F 3-2: Strikes out swinging
|
| Bottom of the 5th over - 1 run, 1 hit, 0 errors, 0 left on base; Atlanta (MID) 1 - Augusta 2 |
| TOP OF THE 6TH |
|
Atlanta (MID) Braves batting - Pitching for Augusta GreenJackets : RHP Bill Tindall
|
|
Batting: LHB Tamaichi Sasada
|
0-0: Called Strike 0-1: Ball 1-1: Foul Ball, location: 2F 1-2: Ball 2-2: Ground out U3 (Groundball, 34, EV 80.6 MPH)
|
|
Batting: LHB Ricardo Sandoval
|
0-0: TRIPLE (Flyball, 89XD, EV 99.4 MPH)
|
|
Batting: RHB Nick Holsinger
|
0-0: Ball 1-0: Ball 2-0: Ground out 5-3 (Groundball, 56, EV 88.1 MPH)
|
|
Batting: LHB Andres Aldape
|
0-0: Ball 1-0: Ball 2-0: Ball 3-0: Base on Balls
|
|
Batting: RHB Adonis Jenifer
|
0-0: Ball 1-0: Swinging Strike 1-1: Ball 2-1: Ground out U3 (Groundball, 3, EV 98.1 MPH)
|
| Top of the 6th over - 0 runs, 1 hit, 0 errors, 2 left on base; Atlanta (MID) 1 - Augusta 2 |
| BOTTOM OF THE 6TH |
|
Augusta GreenJackets batting - Pitching for Atlanta (MID) Braves : LHP Jordan Ruiz
|
|
Batting: LHB Bruce Arvizu
|
0-0: Ball 1-0: Ball 2-0: Ball 3-0: Called Strike 3-1: Foul Ball, location: 2F 3-2: Foul Ball, location: 2F 3-2: Foul Ball, location: 2F 3-2: Foul Ball, location: 2F 3-2: SINGLE (Flyball, 8LS, EV 95.0 MPH)
|
|
Pitching: RHP Jessie Mattei
|
|
|
Batting: LHB Oscar Tamayo
|
0-0: Ball 1-0: Called Strike Bruce Arvizu is caught stealing 2nd base 2-6 1-1: Ball 2-1: Ball 3-1: Base on Balls
|
|
Batting: SHB Louie Horne
|
0-0: Ball 1-0: Ball 2-0: Ball 3-0: Base on Balls Oscar Tamayo to second
|
|
Batting: RHB Allen Gravel
|
0-0: SINGLE (Line Drive, 78S, EV 99.4 MPH) Oscar Tamayo to third Louie Horne to second
|
|
Batting: LHB Gil Caraveo
|
0-0: Ball 1-0: Called Strike 1-1: Ball 2-1: SINGLE (Groundball, 4D, EV 94.4 MPH) Oscar Tamayo scores Louie Horne to third Allen Gravel to second
|
|
Pitching: RHP Wami Benthami
|
|
|
Batting: SHB Zack Barton
|
0-0: Swinging Strike 0-1: Ball 1-1: Ball 2-1: Ball 3-1: SINGLE (Groundball, 6M, EV 98.1 MPH) Louie Horne scores Allen Gravel to third Gil Caraveo to second
|
|
Batting: RHB Armando Ramirez
|
0-0: Called Strike 0-1: Swinging Strike 0-2: Grounds into fielders choice 6-2 (Groundball, 6, EV 91.2 MPH) Gil Caraveo to third Zack Barton to second
|
|
Batting: RHB Aaron Burress
|
0-0: Ball 1-0: Foul Ball, location: 2F 1-1: SINGLE (Groundball, 6, EV 110.0 MPH) Gil Caraveo scores Zack Barton to third Armando Ramirez to second Runner from 3rd tries for Home, SAFE, throw by CF to trailing runner, OUT at third! 8-3-5
|
| Bottom of the 6th over - 4 runs, 5 hits, 0 errors, 1 left on base; Atlanta (MID) 1 - Augusta 6 |
| TOP OF THE 7TH |
|
Atlanta (MID) Braves batting - Pitching for Augusta GreenJackets : RHP Bill Tindall
|
|
Batting: RHB Gabe Allen
|
0-0: Swinging Strike 0-1: Swinging Strike 0-2: Ball 1-2: Strikes out swinging
|
|
Batting: LHB Eric Jackson
|
0-0: Called Strike 0-1: Foul Ball, location: 2F 0-2: Ball 1-2: Strikes out swinging
|
|
Batting: RHB Chris Trites
|
0-0: Called Strike 0-1: Ball 1-1: Ball 2-1: Called Strike 2-2: DOUBLE (Flyball, 8LXD, EV 93.1 MPH)
|
|
Pitching: LHP Willis Escobedo
|
|
|
Batting: SHB Brett McEwen
|
0-0: Foul Ball, location: 2F 0-1: Swinging Strike 0-2: Ball 1-2: Ball 2-2: Ball 3-2: Strikes out swinging
|
| Top of the 7th over - 0 runs, 1 hit, 0 errors, 1 left on base; Atlanta (MID) 1 - Augusta 6 |
| BOTTOM OF THE 7TH |
|
Augusta GreenJackets batting - Pitching for Atlanta (MID) Braves : RHP Wami Benthami
|
|
Batting: LHB Sam Ogg
|
0-0: Swinging Strike 0-1: Called Strike 0-2: Ball 1-2: Foul Ball, location: 2F 1-2: Ball 2-2: Strikes out swinging
|
|
Batting: LHB Bruce Arvizu
|
0-0: Called Strike 0-1: Foul Ball, location: 2F 0-2: Strikes out swinging
|
|
Batting: LHB Oscar Tamayo
|
0-0: Swinging Strike 0-1: Called Strike 0-2: Ball 1-2: Foul Ball, location: 2F 1-2: Foul Ball, location: 2F 1-2: Foul Ball, location: 2F 1-2: Ball 2-2: Fly out, F7 (Flyball, 78S, EV 93.1 MPH)
|
| Bottom of the 7th over - 0 runs, 0 hits, 0 errors, 0 left on base; Atlanta (MID) 1 - Augusta 6 |
| TOP OF THE 8TH |
|
Atlanta (MID) Braves batting - Pitching for Augusta GreenJackets : LHP Willis Escobedo
|
|
Batting: LHB Tamaichi Sasada
|
0-0: Ball 1-0: Ball 2-0: Called Strike 2-1: Swinging Strike 2-2: Ball 3-2: Base on Balls
|
|
Batting: LHB Ricardo Sandoval
|
0-0: Called Strike 0-1: Ball 1-1: Swinging Strike 1-2: Ball 2-2: Ball 3-2: Foul Ball, location: 2F 3-2: Foul Ball, location: 2F 3-2: Base on Balls Tamaichi Sasada to second
|
|
Batting: RHB Nick Holsinger
|
0-0: Ball 1-0: Ball 2-0: Called Strike 2-1: Foul Ball, location: 2F 2-2: Grounds out, U3 (Groundball, 3L, EV 88.8 MPH) Tamaichi Sasada to third
|
|
Batting: LHB Andres Aldape
|
0-0: Foul Ball, location: 2F 0-1: Called Strike 0-2: Ball 1-2: Ball 2-2: Ball 3-2: SINGLE (Line Drive, 7LS, EV 113.1 MPH) Tamaichi Sasada scores Ricardo Sandoval to third Runner from 3rd tries for Home, SAFE, throw by LF to home
|
|
Batting: RHB Adonis Jenifer
|
0-0: Ball 1-0: Foul Ball, location: 2F 1-1: Foul Ball, location: 2F 1-2: Foul Ball, location: 2F 1-2: Foul Ball, location: 2F 1-2: Foul Ball, location: 2F 1-2: Ball 2-2: Foul Ball, location: 2F 2-2: 2-RUN HOME RUN (Flyball, 78XD, EV 100.6 MPH), Distance : 418 ft
|
|
Pitching: RHP Hiroaki Yazawa
|
|
|
Batting: RHB Gabe Allen
|
0-0: SINGLE (Groundball, 56S, EV 65.0 MPH) (infield hit)
|
|
Pitching: LHP Bobby Storey
|
|
|
Pinch Hitting: RHB Josh McCormick
|
0-0: Ball 1-0: Ball 2-0: Ball 3-0: Called Strike 3-1: Base on Balls Gabe Allen to second
|
|
Batting: RHB Chris Trites
|
0-0: Called Strike 0-1: SINGLE (Line Drive, 9LS, EV 110.6 MPH) Gabe Allen to third Josh McCormick to second
|
|
Batting: SHB Brett McEwen
|
0-0: Ball 1-0: Swinging Strike 1-1: Ball 2-1: Ball 3-1: Swinging Strike 3-2: Strikes out swinging
|
|
Batting: LHB Tamaichi Sasada
|
0-0: Ball 1-0: Ball 2-0: Ball 3-0: Called Strike 3-1: Swinging Strike 3-2: Base on Balls Gabe Allen scores Josh McCormick to third Chris Trites to second
|
|
Batting: LHB Ricardo Sandoval
|
0-0: Swinging Strike 0-1: Swinging Strike 0-2: Ball 1-2: Ball 2-2: Foul Ball, location: 2F 2-2: Fly out, F8 (Line Drive, 8RM, EV 95.6 MPH)
|
| Top of the 8th over - 5 runs, 4 hits, 0 errors, 3 left on base; Atlanta (MID) 6 - Augusta 6 |
| BOTTOM OF THE 8TH |
|
Augusta GreenJackets batting - Pitching for Atlanta (MID) Braves : RHP Wami Benthami
|
|
Pitching: LHP Tyler Portier
|
|
|
Now in LF: George Provance
|
|
|
Now in CF: Ricardo Sandoval
|
|
|
Batting: SHB Louie Horne
|
0-0: Called Strike 0-1: Ball 1-1: Called Strike 1-2: Ball 2-2: Foul Ball, location: 2F 2-2: Ground out 6-3 (Groundball, 6, EV 90.6 MPH)
|
|
Batting: RHB Allen Gravel
|
0-0: Fly out, F9 (Line Drive, 89M, EV 96.2 MPH)
|
|
Pinch Hitting: RHB Peter Croston
|
0-0: Ball 1-0: Called Strike 1-1: Ball 2-1: Foul Ball, location: 2F 2-2: Ball 3-2: Foul Ball, location: 2F 3-2: Foul Ball, location: 2F 3-2: Ground out 5-3 (Groundball, 5S, EV 66.2 MPH)
|
| Bottom of the 8th over - 0 runs, 0 hits, 0 errors, 0 left on base; Atlanta (MID) 6 - Augusta 6 |
| TOP OF THE 9TH |
|
Atlanta (MID) Braves batting - Pitching for Augusta GreenJackets : LHP Bobby Storey
|
|
Pitching: RHP Ricky Fo
|
|
|
Now in RF: Frank Pena
|
|
|
Batting: RHB Nick Holsinger
|
0-0: Foul Ball, location: 2F 0-1: Swinging Strike 0-2: Ball 1-2: Foul Ball, location: 2F 1-2: Foul Ball, location: 2F 1-2: Strikes out swinging
|
|
Batting: LHB Andres Aldape
|
0-0: Ball 1-0: Called Strike 1-1: Ball 2-1: Swinging Strike 2-2: Ball 3-2: Strikes out swinging
|
|
Batting: RHB Adonis Jenifer
|
0-0: Swinging Strike 0-1: Ball 1-1: Foul Ball, location: 2F 1-2: Foul Ball, location: 2F 1-2: SOLO HOME RUN (Flyball, 89XD, EV 111.9 MPH), Distance : 420 ft
|
|
Batting: RHB Gabe Allen
|
0-0: Ball 1-0: Ball 2-0: Ball 3-0: Called Strike 3-1: Swinging Strike 3-2: Strikes out looking
|
| Top of the 9th over - 1 run, 1 hit, 0 errors, 0 left on base; Atlanta (MID) 7 - Augusta 6 |
| BOTTOM OF THE 9TH |
|
Augusta GreenJackets batting - Pitching for Atlanta (MID) Braves : LHP Tyler Portier
|
|
Pitching: RHP Jimmy Loudner
|
|
|
Batting: SHB Zack Barton
|
0-0: Swinging Strike 0-1: Foul Ball, location: 2F 0-2: Strikes out swinging
|
|
Batting: RHB Armando Ramirez
|
0-0: Foul Ball, location: 2F 0-1: Foul Ball, location: 2F 0-2: Ball 1-2: Strikes out swinging
|
|
Batting: RHB Aaron Burress
|
0-0: Called Strike 0-1: Ground out 5-3 (Groundball, 5L, EV 103.8 MPH)
|
| Bottom of the 9th over - 0 runs, 0 hits, 0 errors, 0 left on base; Atlanta (MID) 7 - Augusta 6 |
|